Map: Korhal Carnage Knockout LE

Players

Mindele

  • Race: Terran Terran

CKPE - Winner!

  • Race: Terran Terran
  • League: Silver

VOD

Have the link to the VOD?

Description

Time

  • Played on: May 13, 2016, 7:48 p.m.
  • Length: 6:30
Show
View Real Time Build Order
Export as new Build Order

Mindele Terran 

Build Orders:  

Get SALT Encoding   

  12  0:02  SCV  
  13  0:15  SCV  
  13  0:18  Supply Depot  
  14  0:28  SCV  
  15  0:41  SCV  
  16  0:47  Barracks  
  16  0:52  Refinery  
  16  0:53  SCV  
  17  1:05  SCV  
  18  1:17  SCV  
  19  1:30  Barracks  
  19  1:32  Refinery  
  19  1:34  Supply Depot  
  19  1:39  Orbital Command  
  19  1:48  Reaper  
  20  2:07  SCV  
  21  2:14  Barracks  
  21  2:20  SCV  
  21  2:21  Reaper  
  23  2:23  Reaper  
  24  2:32  SCV  
  25  2:44  SCV  
  26  2:53  Reaper  
  26  2:57  SCV  
  26  2:58  Supply Depot  
  28  3:01  Reaper  
  28  3:04  Reaper  
  30  3:09  SCV  
  30  3:10  Barracks  
  31  3:20  Supply Depot  
  31  3:21  SCV  
  32  3:33  SCV  
  34  3:36  Reaper  
  34  3:38  Reaper  
  34  3:40  Reaper  
  36  3:45  SCV  
  36  3:47  Supply Depot  
  37  4:04  SCV  
  37  4:07  Reaper  
  39  4:16  SCV  
  40  4:24  Reaper x2  
  35  4:43  Reaper, Marine  
  35  4:55  Marine  
  35  4:56  Marine  
  37  5:01  Marine  
  37  5:04  SCV  
  39  5:13  Marine x2  
  41  5:15  Reaper, Factory  
  41  5:16  SCV  
  41  5:19  Reaper  
  44  5:23  Barracks  
  44  5:25  Barracks x2  
  44  5:31  Reaper  
  45  5:44  Marine  
  45  5:46  SCV  
  42  5:58  SCV  
Show
View Real Time Build Order
Export as new Build Order

CKPE Terran - Winner!

Build Orders: Liberator Opening 

Get SALT Encoding   

  12  0:02  SCV  
  13  0:14  SCV  
  14  0:24  Supply Depot  
  14  0:26  SCV  
  15  0:34  Refinery  
  15  0:45  SCV  
  15  0:48  Barracks  
  16  0:58  SCV  
  16  1:00  Refinery  
  17  1:10  SCV  
  18  1:16  Supply Depot  
  18  1:22  SCV  
  19  1:34  SCV  
  19  1:38  Factory  
  19  1:39  Marine  
  21  1:46  Supply Depot  
  21  1:49  SCV  
  22  2:01  SCV  
  23  2:11  Supply Depot  
  23  2:13  SCV  
  24  2:22  Factory Tech Lab  
  24  2:35  Starport  
  24  2:43  Siege Tank  
  24  2:44  Marine  
  26  2:46  SCV  
  28  2:56  Engineering Bay  
  28  2:57  Liberator  
  28  3:01  SCV  
  29  3:14  Widow Mine  
  34  3:34  Missile Turret  
  34  3:36  Orbital Command  
  34  3:43  Siege Tank  
  37  4:04  SCV  
  38  4:10  Missile Turret  
  38  4:16  SCV  
  32  5:09  Missile Turret  
  32  5:15  Siege Tank  
  32  5:18  Viking  
  37  5:38  Command Center  
  36  5:46  Widow Mine  
Tags
 
Add a new tag
Caveats
  • Supply blocks, unpowered buildings, or Contaminate may cause inaccurate times.
  • Supply counts are checked every 10 seconds.